 Dungeon Crawl Stone Soup version 0.31-a0-968-g24f9ace8b5 (webtiles) character file.

Game seed: 1819030856537022093

64 Xavori the Trooper (level 4, -4/29 (38) HPs)
             Began as a Djinni Chaos Knight on Oct 27, 2023.
             Was a Plaything of Xom.
             Killed by nerve-wracking pain
             ... invoked by a shadow imp
             ... summoned by Xom
              (14 damage)
             ... on level 3 of the Dungeon.
             The game lasted 00:01:36 (4895 turns).

Xavori the Trooper (Djinni Chaos Knight)            Turns: 4895, Time: 00:01:37

HP:   -4/29 (38)    AC: 10    Str: 11    XL:     4   Next: 32%
Gold: 57            EV: 12    Int: 14    God:    Xom [.....*] SH:  0 Dex: 16

rFire   + . .        a - +0 falchion (chaos)
rCold   . . .        (no shield)
rNeg    . . .        b - +2 leather armour
rPois   ∞            (helmet restricted)
rElec   .            g - +0 cloak
rCorr   .            m - +1 pair of gloves
SInv    .            (boots unavailable)
Will    .....        (no amulet)
Stlth   ++           e - ring of ice
HPRegen 0.24/turn    (no ring)
MPRegen 0.00/turn

%: infuse magic (-5 HP)
@: flying, heavily drained
A: sickness immunity, fire resistance 2, cold vulnerability 1, float, innate
caster, HP casting, extra vitality 1, fangs 1, horns 1, iridescent scales 1,
thin skeletal structure 1, passive freeze, robust 1, wild magic 1, inability to
drink after injury 1
a: Renounce Religion


You were on level 3 of the Dungeon.
You worshipped Xom.
You were Xom's teddy bear.
You visited 1 branch of the dungeon, and saw 3 of its levels.

You collected 86 gold pieces.
You spent 29 gold pieces at shops.

Inventory:

Hand Weapons
 a - a +0 falchion of chaos (weapon)
Armour
 b - a +2 leather armour (worn)
 f - a +1 helmet
 g - a +0 cloak (worn)
 m - a +1 pair of gloves (worn)
Jewellery
 e - a ring of ice (left hand)
Scrolls
 c - a scroll of butterflies
 d - a scroll of fear {unknown}
 h - a scroll of teleportation
 i - a scroll of vulnerability {unknown}
 j - 2 scrolls of identify
 l - a scroll of poison {unknown}
 n - 2 scrolls of amnesia {unknown}
 o - a scroll of immolation {unknown}
 p - a scroll of enchant armour {unknown}
Potions
 k - a potion of cancellation {unknown}
 q - a potion of degeneration {unknown}


   Skills:
 + Level 3.3 Fighting
 + Level 3.0 Long Blades
 + Level 1.7 Armour
 + Level 2.7 Dodging
 * Level 1.1 Spellcasting
 * Level 1.1 Conjurations
 * Level 1.1 Hexes
   Level 0.0 Charms
 * Level 1.1 Summonings
 * Level 1.1 Necromancy
 * Level 1.1 Translocations
 * Level 1.1 Transmutations
 * Level 1.1 Fire Magic
 * Level 1.1 Ice Magic
 * Level 1.1 Air Magic
 * Level 1.1 Earth Magic
 * Level 1.1 Poison Magic


You knew the following spells:

 Your Spells              Type           Power      Damage    Failure   Level
a - Slow                  Hex            20%        N/A       30%         1
Your spell library was empty.

Dungeon Overview and Level Annotations

Branches:
Dungeon (3/15)

Altars:

Shops:
D:2 *


Innate Abilities, Weirdness & Mutations

You are immune to sickness and miasma.
You are immune to poison.
Your flesh is very heat resistant. (rF++)
You are vulnerable to cold. (rC-)
You float through the air rather than walking.
You learn spells naturally, not from books.
Your magical power is your life essence.
You have superior vitality. (+4 MHP)
You have very sharp teeth.
You have a pair of small horns on your head.
You are partially covered in iridescent scales. (AC +2)
You have a somewhat thin skeletal structure. (Dex +2, Stealth+)
A frigid envelope surrounds you and freezes all who hurt you.
You are robust. (+10% HP)
Your spells are a little harder to cast, but a little more powerful.
You occasionally lose the ability to drink potions when taking damage.


Message History

You hit the shadow imp.
The shadow imp suddenly seems more agile.
Your headbutt misses the shadow imp. Your bite misses the shadow imp.
The shadow imp is moderately wounded.
The ufetubus barely misses you.
The ufetubus hits you but does no damage.
The ufetubus resists.
The ufetubus is very cold.
The ufetubus is moderately wounded.
The shadow imp hits you but does no damage.
The shadow imp resists.
The shadow imp is very cold.
The shadow imp is heavily wounded.
You closely miss the shadow imp. Your bite misses the shadow imp.
The shadow imp is heavily wounded.
The shadow imp hits you but does no damage.
The shadow imp completely resists.
The crimson imp blinks!
The shadow imp hits you but does no damage.
The shadow imp resists.
The shadow imp is very cold.
The shadow imp is heavily wounded.
The ynoxinul barely misses you.
You hit the shadow imp. Your headbutt misses the shadow imp.
The shadow imp is heavily wounded.
The ynoxinul gestures.
The shadow imp closely misses you.
The crimson imp shouts, "Scamper hence, thou twisted sow-suckled clack-dish!"
You hit the shadow imp but do no damage.
Nothing appears to happen.
Your headbutt misses the shadow imp.
You bite the shadow imp, but do no damage.
The shadow imp is heavily wounded.
The ynoxinul gestures.
You hit the crimson imp.
The crimson imp convulses.
Your bite misses the crimson imp.
The crimson imp is severely wounded.
The ynoxinul hits you!
The ynoxinul resists.
The ynoxinul is very cold.
The ynoxinul is lightly wounded.
You hit the crimson imp.
You kill the crimson imp!
The crimson imp degenerates into a cloud of primal chaos!
The shadow imp gestures at you. Pain shoots through your body!
You die...

....>..[<.#^#
#####......#
#.#####†#.#..#
#.....)......#
#######.#.#.##
#.....#
###5### #§#
#@# #3# #5#
#5# #.# #.#
#.# ..#


You could see a ynoxinul (summoned), a shadow imp (summoned, agile) and 2
ufetubi.

Vanquished Creatures
  An adder (D:2)
  A worm (D:2)
  A dart slug (D:1)
  3 ball pythons (D:2)
  4 bats
  2 endoplasms
  2 giant cockroaches
  5 hobgoblins
  9 jackals
  2 kobolds (D:1)
  4 quokkas
  A frilled lizard (D:2)
  5 goblins
  3 rats
43 creatures vanquished.

Notes
Turn   | Place    | Note
-------+----------+-------------------------------------------
     0 | D:1      | Xavori the Djinni Chaos Knight began the quest for the Orb.
     0 | D:1      | Reached XP level 1. HP: 20/20 MP: 0/0
    18 | D:1      | XOM: silly message
   160 | D:1      | Reached XP level 2. HP: 25/25 MP: 0/0
   348 | D:1      | Found a faded altar of an unknown god.
   366 | D:1      | Reached XP level 3. HP: 27/30 MP: 0/0
   366 | D:1      | Learned a level 1 spell: Slow
   540 | D:1      | XOM: give mutations
   540 | D:1      | Gained mutation: Your muscles are strong. (Str +4, Int/Dex
                  | -1) [Xom's mischief]
   540 | D:1      | Gained mutation: You occasionally lose the ability to drink
                  | potions when taking damage. [Xom's mischief]
   540 | D:1      | Gained mutation: You are partially covered in iridescent
                  | scales. (AC +2) [Xom's mischief]
  1233 | D:1      | XOM: draining
  1275 | D:1      | XOM: summons 2 hostile demons
  2005 | D:1      | XOM: silly message
  2116 | D:1      | XOM: give mutations
  2116 | D:1      | Lost mutation: Your muscles are strong. (Str +4, Int/Dex
                  | -1) [Xom's mischief]
  2116 | D:1      | Gained mutation: A frigid envelope surrounds you and
                  | freezes all who hurt you. [Xom's mischief]
  2677 | D:1      | XOM: noise
  2884 | D:1      | XOM: silly message
  3234 | D:1      | XOM: noise
  3305 | D:1      | XOM is BORED!
  3815 | D:1      | XOM: summons 2 hostile demons
  4069 | D:2      | XOM: stat loss: -1 Str (10/11)
  4113 | D:2      | XOM: give mutation
  4113 | D:2      | Gained mutation: You have a pair of small horns on your
                  | head. [Xom's grace]
  4168 | D:1      | XOM: give mutations
  4168 | D:1      | Gained mutation: You have very sharp teeth. [Xom's grace]
  4168 | D:1      | Gained mutation: Your spells are a little harder to cast,
                  | but a little more powerful. [Xom's grace]
  4168 | D:1      | Gained mutation: You are robust. (+10% HP) [Xom's grace]
  4168 | D:1      | Gained mutation: You have a somewhat thin skeletal
                  | structure. (Dex +2, Stealth+) [Xom's grace]
  4236 | D:2      | Reached skill level 1 in Spellcasting
  4236 | D:2      | Reached skill level 1 in Conjurations
  4236 | D:2      | Reached skill level 1 in Hexes
  4236 | D:2      | Reached skill level 1 in Summonings
  4236 | D:2      | Reached skill level 1 in Necromancy
  4236 | D:2      | Reached skill level 1 in Translocations
  4236 | D:2      | Reached skill level 1 in Transmutations
  4236 | D:2      | Reached skill level 1 in Fire Magic
  4236 | D:2      | Reached skill level 1 in Ice Magic
  4236 | D:2      | Reached skill level 1 in Air Magic
  4236 | D:2      | Reached skill level 1 in Earth Magic
  4236 | D:2      | Reached skill level 1 in Poison Magic
  4460 | D:2      | Found Qaboinl Mihi's Assorted Antiques.
  4481 | D:2      | Bought a scroll labelled GAFRYF IKUO for 29 gold pieces
  4558 | D:2      | Reached XP level 4. HP: 34/34 MP: 0/0
  4671 | D:2      | XOM: draining
  4884 | D:3      | XOM: summons 3 hostile demons
  4885 | D:3      | Noticed a ynoxinul
  4895 | D:3      | Killed from afar by a shadow imp

Illustrated notes

Levels and vault maps discovered:
D:1:      scummos_arrival_simple_crosswalls, layout_loops_cross,
          basic_ecumenical_altar, nicolae_the_louvre
D:2:      layout_loops_cross, serial_shops, nicolae_square_shop,
          kennysheep_generic_room_15
D:3:      layout_loops_ring

Skill      XL: |  1  2  3 |
---------------+----------+-----
Long Blades    | 3 |  3.0
Spellcasting   | 1 |  1.1
Conjurations   | 1 |  1.1
Hexes          | 1 |  1.1
Summonings     | 1 |  1.1
Necromancy     | 1 |  1.1
Translocations | 1 |  1.1
Transmutations | 1 |  1.1
Fire Magic     | 1 |  1.1
Ice Magic      | 1 |  1.1
Air Magic      | 1 |  1.1
Earth Magic    | 1 |  1.1
Poison Magic   | 1 |  1.1
Fighting       | |  3.3
Armour         | |  1.7
Dodging        | |  2.7

Action                     |  1- 3 |  4- 6 || total
---------------------------+-------+-------++-------
  Melee: Falchion          |    91 |    19 ||   110
         Headbutt          |     3 |     2 ||     5
         Punch             |     1 |       ||     1
         Bite              |       |     2 ||     2
    Use: Scroll            |     1 |       ||     1
   Stab: Sleeping          |     2 |     2 ||     4
         Distracted        |     1 |       ||     1
 Armour: Leather armour    |    65 |    15 ||    80
  Dodge: Dodged            |    85 |    11 ||    96

Table legend: (Time is in decaauts)
 A = Elapsed time spent in this place.
 B = Non-inter-level travel time spent in this place.
 C = Inter-level travel time spent in this place.
 D = Time resting spent in this place.
 E = Time spent auto-exploring this place.
 F = Levels seen in this place.
 G = Mean time per level.
                   A        B        C        D        E       F      G
               +--------+--------+--------+--------+--------+-----+--------+
         Total |   4915 |   4816 |     99 |   3379 |   1125 |   3 | 1638.3 |
       Dungeon |   4915 |   4816 |     99 |   3379 |   1125 |   3 | 1638.3 |
               +--------+--------+--------+--------+--------+-----+--------+

Top non-repeatable levels by time:
     D:1: 3700 daAuts
     D:2: 1189 daAuts
     D:3: 25 daAuts
